 Dungeon Crawl Stone Soup version 0.22-a0-362-g535178c (webtiles) character file.

4673 4thArraOfDagon the Arsonist (level 10, -2/63 HPs)
             Began as an Octopode Fire Elementalist on Apr 20, 2018.
             Was an Elder of Elyvilon.
             Slain by a wyvern (20 damage)
             ... on level 10 of the Dungeon.
             The game lasted 00:19:28 (6957 turns).

4thArraOfDagon the Arsonist (OpFE)                  Turns: 6957, Time: 00:19:28

Health: -2/63      AC:  1    Str:  9    XL:     10   Next: 44%
Magic:  1/18       EV: 15    Int: 20    God:    Elyvilon [****..]
Gold:   52         SH:  0    Dex: 16    Spells: 5/20 levels left

rFire    . . .     SeeInvis +   s - +1 dagger (elec)
rCold    . . .     Gourm    .   (no shield)
rNeg     . . .     Faith    .   (helmet restricted)
rPois    .         Spirit   .   (no amulet)
rElec    .         Reflect  .   y - ring of wizardry
rCorr    .         Harm     .   r - ring of wizardry
MR       .....                  (no ring)
Stlth    +++.......             (no ring)
HPRegen  0.20/turn              (no ring)
MPRegen  0.16/turn              (no ring)
                                (no ring)
                                (no ring)

@: no status effects
A: almost no armour, stealthy swim, amphibious, 8 rings, constrict 8, camouflage
1, see invisible, agile 1, strong 1, gelatinous body 1, no potion heal 1
a: Lesser Healing, Heal Other, Purification, Greater Healing, Divine Protection,
Renounce Religion


You were on level 10 of the Dungeon.
You worshipped Elyvilon.
Elyvilon was greatly pleased with you.
You were near starving.

You visited 1 branch of the dungeon, and saw 10 of its levels.

You collected 496 gold pieces.
You spent 444 gold pieces at shops.

Inventory:

Hand Weapons
 h - a +0 mace
 s - a +1 dagger of electrocution (weapon)
 v - the +5 hand axe of Death {chop, Int+2}
   (You found it on level 5 of the Dungeon)

   It inflicts extra damage upon your enemies.
   It affects your intelligence (+2).
Missiles
 p - 6 javelins of returning (quivered)
Magical Staves
 u - an uncursed staff of conjuration {!a}
Jewellery
 r - a ring of wizardry (right tentacle)
 y - a ring of wizardry (left tentacle)
Wands
 n - a wand of polymorph (21)
 q - a wand of flame (11)
Scrolls
 c - 5 scrolls of identify
 d - a scroll of amnesia {unknown}
 e - 2 scrolls of enchant weapon {unknown}
 f - 5 scrolls of remove curse {unknown}
 k - 8 scrolls of teleportation
 l - a scroll of noise {unknown}
 m - 3 scrolls of random uselessness {unknown}
 o - 3 scrolls of enchant armour {unknown}
 A - a scroll of torment {unknown}
 B - 2 scrolls of holy word {unknown}
 C - 3 scrolls of magic mapping
Potions
 a - 4 potions of curing
 g - 5 potions of resistance
 i - a potion of might
 j - 2 potions of berserk rage
 t - a potion of brilliance
 w - a potion of heal wounds
 x - a potion of flight
 z - 2 potions of agility
Comestibles
 b - 13 rations


   Skills:
 + Level 3.0 Fighting
 + Level 3.9 Dodging
 - Level 2.6 Stealth
 + Level 5.6 Spellcasting
 * Level 8.3 Conjurations
 * Level 8.9 Fire Magic
 + Level 6.0 Invocations


You had 5 spell levels left.
You knew the following spells:

 Your Spells              Type           Power        Failure   Level  Hunger
a - Flame Tongue          Conj/Fire      #####        1%          1    None
b - Conjure Flame         Conj/Fire      #####...     1%          3    ##.....
c - Sticky Flame          Conj/Fire      #####...     1%          4    ####...
d - Fireball              Conj/Fire      #####.....   2%          5    #####..
e - Blink                 Tloc           N/A          4%          2    None


Dungeon Overview and Level Annotations

Branches:
Dungeon (10/15)            Temple (0/1) D:6            Lair (0/6) D:8
    Orc: D:9-12

Altars:
Elyvilon
Makhleb
Nemelex Xobeh
Okawaru
Qazlal
Ru
Sif Muna
Trog
Uskayaw
Wu Jian

Shops:
D:5 !   D:6 =   D:8 *   D:9 ?

Annotations:
D:4 Duvessa


Innate Abilities, Weirdness & Mutations

You cannot wear most types of armour.
You are very stealthy in the water. (Stealth+)
You are amphibious.
You can wear up to eight rings at the same time.
You can use your tentacles to constrict eight enemies at once.
Your skin changes colour to match your surroundings (Stealth+).
Your rubbery body absorbs attacks. (AC +1, EV +1)
You have supernaturally acute eyesight. (SInv)
You are agile. (Dex +2)
Your muscles are strong. (Str +2)
Potions are less effective at restoring your health.


Message History

Unknown command.
Press: ? - help, Dir - move target cursor, f - wyvern Heal: a wyvern The light of Elyvilon fails to reach the wyvern.
You are feeling hungry.
The wyvern bites you!!
* * * LOW HITPOINT WARNING * * *
Unknown command.
Press: ? - help, Dir - move target cursor, f/p - wyvern Heal: a wyvern The light of Elyvilon fails to reach the wyvern.
You are feeling very hungry.
The wyvern barely misses you. The wyvern completely misses you.
Unknown command.
Press: ? - help, Dir - move target cursor, f/p - wyvern Heal: a wyvern The light of Elyvilon fails to reach the wyvern.
You are near starving!
The wyvern bites you!!
You die...

.......#
........
..............#
.S......
..............#
..............#
..............#
...........(..#
#...........#
#...........#
#...@......#
#..†l..<...#
#......†...#
#......#####
+......#
#......#
#......#
#......#
#!......


You could see a wyvern.

Vanquished Creatures
  A two-headed ogre (D:9)
  A hippogriff (D:9)
  A slime creature (D:8)
  Sigmund (D:4)
  A wyvern (D:8)
  3 orc warriors
  A sky beast (D:9)
  2 ice beasts
  An ogre (D:9)
  2 phantoms
  A centaur (D:7)
  A crocodile (D:7)
  A bullfrog (D:8)
  Dowan (D:4)
  2 scorpions
  6 killer bees (D:9)
  3 wights (D:6)
  5 howler monkeys
  5 crimson imps
  2 quasits
  A centaur zombie (D:8)
  Crazy Yiuf (D:7)
  7 jellies (D:8)
  7 orc wizards
  2 orc priests
  2 bullfrog skeletons
  3 hounds
  4 centaur skeletons
  4 iguanas
  3 worker ants
  A hound zombie (D:6)
  A hound skeleton (D:3)
  A howler monkey zombie (D:7)
  3 gnolls (D:3)
  9 adders
  3 shadow imps
  17 oozes
  An adder skeleton (D:5)
  3 worms
  2 dart slugs
  5 leopard geckos
  30 orcs
  2 ball pythons
  9 bats
  3 giant cockroaches
  5 goblins
  8 hobgoblins
  15 jackals
  4 quokkas
  3 frilled lizards
  7 kobolds
  8 rats
215 creatures vanquished.

Vanquished Creatures (others)
  2 fungi (D:8)
2 creatures vanquished.

Grand Total: 217 creatures vanquished

Notes
Turn   | Place    | Note
-------+----------+-------------------------------------------
     0 | D:1      | 4thArraOfDagon the Octopode Fire Elementalist began the quest for the Orb.
     0 | D:1      | Reached XP level 1. HP: 11/11 MP: 3/3
   167 | D:2      | Reached XP level 2. HP: 12/17 MP: 3/5
   292 | D:2      | Found a white marble altar of Elyvilon.
   300 | D:2      | Became a worshipper of Elyvilon the Healer
   699 | D:1      | Reached XP level 3. HP: 21/21 MP: 3/6
   707 | D:1      | Learned a level 3 spell: Conjure Flame
  1060 | D:2      | Reached skill level 1 in Invocations
  1200 | D:2      | Reached XP level 4. HP: 22/27 MP: 1/7
  1217 | D:2      | Thaneod: hello beem!
  1396 | D:2      | Reached * piety under Elyvilon
  1507 | D:2      | Found a bloodstained altar of Trog.
  1801 | D:3      | Found an iron altar of Okawaru.
  2006 | D:3      | Reached XP level 5. HP: 23/31 MP: 2/8
  2012 | D:3      | Learned a level 4 spell: Sticky Flame
  2415 | D:3      | Reached ** piety under Elyvilon
  2687 | D:4      | Noticed Sigmund
  2847 | D:4      | Noticed Dowan
  2873 | D:4      | Reached XP level 6. HP: 36/36 MP: 3/10
  2921 | D:4      | Noticed Duvessa
  2925 | D:4      | Noticed Duvessa
  2925 | D:4      | Duvessa changed into Duvessa the naga
  2926 | D:4      | :O
  3025 | D:4      | Killed Sigmund
  3025 | D:4      | Reached skill level 5 in Fire Magic
  3136 | D:5      | Entered Level 5 of the Dungeon
  3175 | D:5      | Reached XP level 7. HP: 26/41 MP: 1/11
  3278 | D:4      | Killed Dowan
  3372 | D:5      | Found a burning altar of Makhleb.
  3426 | D:5      | Found an ornate altar of the Wu Jian Council.
  3427 | D:5      | Found a hide-covered altar of Uskayaw.
  3469 | D:5      | Reached *** piety under Elyvilon
  3542 | D:5      | Found a deep blue altar of Sif Muna.
  3554 | D:5      | Got a crude hand axe
  3556 | D:5      | Identified the +5 hand axe of Death {chop, Int+2} (You found it on level 5 of the Dungeon)
  3692 | D:5      | Found Loczajoh's Distillery.
  3697 | D:5      | Bought a potion of heal wounds for 70 gold pieces
  3697 | D:5      | Bought a potion of mutation for 112 gold pieces
  3697 | D:5      | Bought a potion of agility for 56 gold pieces
  3697 | D:5      | Bought a potion of curing for 42 gold pieces
  3697 | D:5      | Gained mutation: Your muscles are strong. (Str +2) [potion of mutation]
  3697 | D:5      | Gained mutation: You are agile. (Dex +2) [potion of mutation]
  3697 | D:5      | Gained mutation: Potions are less effective at restoring your health. [potion of mutation]
  3697 | D:5      | Gained mutation: You have supernaturally acute eyesight. (SInv) [potion of mutation]
  3923 | D:6      | Reached skill level 5 in Conjurations
  3923 | D:6      | Reached XP level 8. HP: 23/46 MP: 7/13
  3935 | D:6      | Found a staircase to the Ecumenical Temple.
  4028 | D:6      | Reached **** piety under Elyvilon
  4356 | D:6      | Found Sout's Jewellery Boutique.
  4379 | D:6      | Found a sacrificial altar of Ru.
  4571 | D:7      | Found a sparkling altar of Nemelex Xobeh.
  4605 | D:7      | Found a runed door.
  4609 | D:7      | Noticed Crazy Yiuf
  4616 | D:7      | Killed Crazy Yiuf
  4670 | D:7      | Learned a level 5 spell: Fireball
  4998 | D:7      | Found a stormy altar of Qazlal.
  5140 | D:7      | Reached XP level 9. HP: 39/51 MP: 0/15
  5644 | D:8      | Reached skill level 1 in Fighting
  5678 | D:8      | Reached skill level 5 in Invocations
  5859 | D:8      | Found a staircase to the Lair.
  5893 | D:8      | Found Caipt's Assorted Antiques.
  5901 | D:8      | Bought a scroll labeled QOUKATW MIUSEELAAK for 20 gold pieces
  6021 | D:8      | Reached skill level 5 in Spellcasting
  6347 | D:9      | Noticed a two-headed ogre
  6365 | D:9      | Killed a two-headed ogre
  6365 | D:9      | Reached XP level 10. HP: 61/61 MP: 4/18
  6396 | D:9      | Learned a level 2 spell: Blink
  6522 | D:9      | Found Hiodynk's Magic Scroll Shop.
  6531 | D:9      | Bought a scroll of magic mapping for 42 gold pieces
  6531 | D:9      | Bought a scroll of magic mapping for 42 gold pieces
  6531 | D:9      | Bought a scroll of identify for 24 gold pieces
  6531 | D:9      | Bought a scroll of teleportation for 36 gold pieces
  6883 | D:10     | Entered Level 10 of the Dungeon
  6883 | D:10     | Noticed a manticore
  6957 | D:10     | Slain by a wyvern

Vault maps used:
D:1:      eino_arrival_cavern_a
D:2:      lightli_temple_of_fire, lemuel_coloured_pillars_altar, first_ration
D:3:      okawaru_trees_1
D:4:      uniq_sigmund, uniq_duvessa, uniq_edmund
D:5:      chequers_temple_overflow_statue_of_worship, makhleb_grotto_becter,
          kennysheep_mini_moat, serial_shops, nicolae_shop_trees
D:6:      nicolae_ru_great_annihilating_truth, minmay_temple_entry_junction,
          serial_shops, shop, hex_large
D:7:      marbit_many_paths, nemelex_spade_bored_becter, uniq_crazy_yiuf_cottage
D:8:      lemuel_slime, lair_entry_dummy, serial_shops, shop
D:9:      serial_shops, shop, serial_column_ruins, column_ruins_hut_ruined,
          column_ruins_columns_T, column_ruins_open_small, column_ruins_grid_1,
          column_ruins_corridor_dead_end, column_ruins_grid_1,
          column_ruins_open_tiny
D:10:     hangedman_cross_cluster, serial_shops, kennysheep_little_box,
          shop_statue, the_bakery, minmay_statue_crystal_thing

Skill      XL: |  1  2  3  4  5  6  7  8  9 10 |
---------------+-------------------------------+-----
Conjurations   | 2 3 4 5 6 8 |  8.3
Invocations    | 1 2 3 4 5 6 |  6.0
Fire Magic     | 4 5 7 8 |  8.9
Spellcasting   | 3 4 5 |  5.6
Fighting       | 2 3 |  3.0
Dodging        | 3 |  3.9
Stealth        | |  2.6

Action                   |  1- 3 |  4- 6 |  7- 9 | 10-12 || total
-------------------------+-------+-------+-------+-------++-------
Melee: Unarmed           |     4 |       |       |       ||     4
       Mace              |    23 |    88 |     4 |       ||   115
       Constrict         |     8 |    19 |    42 |     6 ||    75
       Tentacles         |     5 |     8 |    39 |     8 ||    60
       Dagger            |       |       |   183 |    36 ||   219
       Staff             |       |       |     4 |       ||     4
 Cast: Flame Tongue      |    42 |    43 |    82 |     7 ||   174
       Conjure Flame     |       |     4 |     9 |     3 ||    16
       Sticky Flame      |       |     4 |    29 |     6 ||    39
       Fireball          |       |       |     1 |     2 ||     3
Invok: Lesser Healing    |       |     5 |    22 |       ||    27
       Greater Healing   |       |       |     2 |       ||     2
       Heal Other        |       |       |       |     3 ||     3
Evoke: Wand              |       |     1 |     6 |       ||     7
  Use: Potion            |     1 |     2 |     5 |       ||     8
       Scroll            |       |       |       |     3 ||     3
 Stab: Sleeping          |     2 |     8 |     2 |       ||    12
       Distracted        |       |     1 |       |       ||     1
       Paralysed         |       |       |     1 |       ||     1
  Eat: Chunk             |     1 |     5 |    19 |     2 ||    27
       Ration            |       |     1 |     1 |       ||     2
Armor: Skin              |     4 |    37 |     9 |     3 ||    53
Dodge: Dodged            |    46 |    64 |   133 |    41 ||   284

Table legend:
 A = Spawn XP
 B = Non-spawn XP
 C = Spawn XP percentage of total XP
 D = Spawn monster count
 E = Non-spawn monster count
 F = Spawn count percentage of total count
 G = Total turns spent on level
                    A         B        C        D         E        F      G
               +---------+---------+-------+---------+---------+-------+---------
         Total |       0 |    6676 |   0.0 |       0 |     215 |   0.0 |  6957
               +---------+---------+-------+---------+---------+-------+---------
           D:1 |       0 |      29 |   0.0 |       0 |      14 |   0.0 |   622
           D:2 |       0 |      79 |   0.0 |       0 |      27 |   0.0 |  1003
           D:3 |       0 |     160 |   0.0 |       0 |      28 |   0.0 |  1022
           D:4 |       0 |     400 |   0.0 |       0 |       7 |   0.0 |   607
           D:5 |       0 |     311 |   0.0 |       0 |      14 |   0.0 |   473
           D:6 |       0 |     716 |   0.0 |       0 |      29 |   0.0 |   823
           D:7 |       0 |     845 |   0.0 |       0 |      21 |   0.0 |   939
           D:8 |       0 |    1618 |   0.0 |       0 |      44 |   0.0 |   695
           D:9 |       0 |    2313 |   0.0 |       0 |      27 |   0.0 |   739
          D:10 |       0 |     205 |   0.0 |       0 |       4 |   0.0 |    34
               +---------+---------+-------+---------+---------+-------+---------
